Map: Neon Violet Square LE

Players

hinO

  • Race: Zerg Zerg
  • Spawn Location: 5:00

Cyan - Winner!

  • Race: Protoss Protoss
  • Spawn Location: 11:00

Event: WCS Leipzig 2018

VOD

Have the link to the VOD?

Description

Time

  • Played on: Jan. 26, 2018, 7:31 a.m.
  • Length: 10:35

All games in this series

Show
View Real Time Build Order
Export as new Build Order

hinO Zerg 

Build Orders: Hatch First 

Get SALT Encoding   

  12  0:00  Drone  
  13  0:08  Drone  
  14  0:19  Overlord  
  14  0:25  Drone, Extractor  
  15  0:37  Drone x2  
  17  0:53  Hatchery  
  17  0:55  Drone  
  17  0:59  Extractor  
  17  1:01  Drone  
  17  1:16  Spawning Pool  
  16  1:18  Drone  
  16  1:22  Drone  
  18  1:27  Drone  
  19  1:38  Overlord  
  19  1:49  Drone  
  20  1:58  Drone  
  21  2:02  Metabolic Boost, Queen  
  21  2:05  Zergling x2  
  24  2:10  Drone  
  25  2:17  Drone  
  25  2:21  Queen  
  28  2:25  Drone  
  29  2:31  Drone  
  29  2:33  Drone  
  31  2:37  Zergling x2  
  32  2:46  Zergling x2  
  33  2:55  Hatchery  
  33  2:57  Zergling x2  
  33  3:02  Overlord  
  33  3:08  Drone  
  33  3:09  Drone  
  33  3:11  Spore Crawler  
  33  3:17  Overlord  
  34  3:21  Drone  
  34  3:22  Drone  
  34  3:24  Overlord  
  36  3:34  Overlord  
  36  3:36  Drone x3  
  36  3:38  Drone  
  36  3:39  Drone  
  40  3:43  Drone  
  40  3:45  Drone  
  40  3:46  Drone  
  43  3:49  Drone  
  43  3:53  Drone x2  
  46  4:02  Roach Warren  
  45  4:03  Drone  
  45  4:06  Drone, Evolution Chamber  
  45  4:08  Drone  
  45  4:09  Drone  
  48  4:12  Drone  
  48  4:14  Extractor  
  48  4:15  Drone  
  48  4:16  Drone  
  50  4:21  Drone x3  
  53  4:27  Lair  
  53  4:29  Spore Crawler  
  52  4:42  Roach x5  
  52  4:43  Roach  
  64  4:48  Overlord  
  64  4:49  Roach  
  64  4:52  Zerg Missile Weapons Level 1  
  66  4:56  Overlord  
  61  5:04  Roach x2  
  63  5:10  Roach  
  65  5:19  Roach x2  
  69  5:25  Drone  
  69  5:26  Drone x2, Extractor  
  69  5:27  Drone x2  
  69  5:28  Drone  
  74  5:29  Drone  
  74  5:34  Glial Reconstitution  
  75  5:38  Overlord  
  75  5:39  Zergling x2  
  75  5:40  Zergling x2  
  77  5:46  Extractor, Zergling x2  
  77  5:47  Queen  
  79  5:53  Roach  
  79  5:54  Overlord  
  81  6:02  Overlord  
  81  6:03  Zergling x8  
  85  6:10  Zergling x10  
  89  6:18  Overlord  
  89  6:19  Zergling x2  
  89  6:25  Zergling x6  
  90  6:29  Roach x3  
  92  6:35  Zergling x4  
  93  6:45  Zergling x6  
  93  6:46  Overlord  
  95  6:56  Ravager x2  
  95  6:57  Ravager x5  
  95  6:59  Zergling x2  
  95  7:00  Zergling x6  
  106  7:04  Ravager  
  106  7:08  Zergling x8  
  111  7:09  Overseer  
  111  7:13  Zergling x2  
  111  7:14  Zergling x2  
  112  7:22  Drone  
  98  7:30  Hydralisk Den  
  98  7:33  Drone  
  98  7:34  Drone x5  
  104  7:37  Drone  
  104  7:43  Zerg Missile Weapons Level 2  
  101  7:53  Drone x3  
  102  8:00  Roach  
  102  8:01  Roach x4  
  109  8:08  Hydralisk  
  109  8:09  Zergling x2  
  109  8:12  Overseer  
  112  8:17  Drone x4  
  117  8:20  Drone  
  117  8:21  Drone  
  117  8:26  Drone  
  119  8:27  Extractor  
  119  8:29  Drone x3  
  119  8:32  Lurker Den  
  120  8:34  Drone  
  120  8:39  Overlord x2  
  121  8:43  Muscular Augments, Overlord  
  117  8:53  Drone x3  
  113  8:58  Hydralisk x2, Overlord  
  113  8:59  Hydralisk  
  117  9:10  Drone x2  
  117  9:12  Drone, Extractor  
  117  9:13  Drone  
  120  9:21  Hydralisk x3  
  120  9:22  Hydralisk  
  128  9:28  Hydralisk x2  
  132  9:35  Hydralisk x2  
  132  9:36  Zergling x4  
  138  9:40  Hydralisk  
  138  9:41  Zergling x4  
  140  9:46  Overlord  
  140  9:47  Zergling x4  
  140  9:48  Zergling x4  
  140  9:49  Queen  
  147  9:52  Zergling x2  
  147  9:53  Zergling x6  
  147  9:57  Hydralisk x2  
  152  10:02  Hydralisk  
  151  10:09  Hydralisk x2  
  151  10:13  Overlord  
  151  10:14  Overlord  
Show
View Real Time Build Order
Export as new Build Order

Cyan Protoss - Winner!

Build Orders: 1 Gate Expand, Archon Immortal, Zealot Archon 

Get SALT Encoding   

  12  0:00  Probe  
  13  0:12  Probe  
  14  0:20  Pylon  
  14  0:24  Probe  
  15  0:38  Probe (Chrono Boost)  
  15  0:39  Gateway  
  16  0:47  Probe (Chrono Boost)  
  16  0:48  Assimilator  
  17  0:52  Probe  
  18  1:04  Probe  
  19  1:17  Probe  
  20  1:26  Nexus  
  20  1:37  Cybernetics Core  
  20  1:40  Probe  
  21  1:47  Assimilator  
  21  1:53  Probe  
  22  1:56  Pylon  
  22  2:05  Probe  
  23  2:11  Warp Gate (Chrono Boost)  
  23  2:12  Adept (Chrono Boost)  
  25  2:17  Probe  
  26  2:23  Twilight Council  
  27  2:30  Probe (Chrono Boost), Stalker (Chrono Boost)  
  28  2:37  Probe (Chrono Boost)  
  30  2:47  Probe x2 (Chrono Boost)  
  31  2:51  Adept  
  31  2:52  Probe (Chrono Boost)  
  31  2:54  Probe  
  35  2:59  Resonating Glaives (Chrono Boost)  
  35  3:04  Probe  
  36  3:08  Probe  
  35  3:15  Gateway  
  35  3:19  Gateway  
  35  3:24  Adept  
  35  3:25  Probe  
  38  3:28  Probe  
  39  3:38  Probe, Pylon  
  40  3:45  Probe, Robotics Facility  
  41  3:51  Pylon  
  41  3:52  Probe  
  42  3:57  Assimilator  
  42  3:59  Probe, Assimilator  
  43  4:04  Probe  
  44  4:12  Probe, Adept x2  
  44  4:14  Adept  
  44  4:16  Probe  
  52  4:24  Probe, Templar Archives  
  53  4:29  Probe  
  53  4:31  Pylon  
  54  4:36  Probe  
  54  4:38  Warp Prism  
  55  4:41  Probe  
  58  4:48  Adept  
  58  4:49  Adept  
  58  4:51  Adept  
  64  4:53  Probe  
  64  4:57  Psionic Storm  
  65  5:14  Immortal  
  65  5:15  Shield Battery  
  69  5:22  Pylon  
  69  5:23  Shield Battery, Pylon  
  69  5:36  Gateway  
  69  5:37  Gateway  
  69  5:40  High Templar  
  69  5:41  High Templar, Gateway  
  69  5:42  High Templar  
  75  5:51  Immortal (Chrono Boost)  
  79  5:58  Pylon, Charge (Chrono Boost)  
  75  6:12  Nexus  
  75  6:15  Pylon  
  75  6:18  High Templar x2  
  77  6:29  Immortal (Chrono Boost)  
  81  6:33  Zealot  
  81  6:38  Pylon  
  83  6:42  High Templar, Zealot x2  
  89  6:50  Pylon  
  89  6:51  Pylon  
  89  6:58  Immortal (Chrono Boost)  
  93  7:03  Adept x2  
  93  7:04  Archon  
  97  7:12  Probe x2  
  97  7:15  Forge  
  91  7:22  Zealot  
  91  7:23  Zealot x2  
  97  7:31  Observer (Chrono Boost)  
  98  7:45  Probe x2  
  98  7:46  Assimilator  
  98  7:49  Assimilator, Immortal  
  100  8:04  High Templar x2, Protoss Ground Weapons Level 1 (Chrono Boost)  
  100  8:05  Zealot  
  102  8:09  Gateway  
  102  8:12  Probe x2  
  104  8:13  Gateway  
  104  8:14  Pylon  
  104  8:19  Archon  
  104  8:21  High Templar x2  
  104  8:23  Zealot  
  110  8:27  Archon  
  110  8:29  Probe x2  
  110  8:30  Probe, Immortal  
  113  8:44  Zealot x4  
  115  9:11  Immortal  
  115  9:13  High Templar  
  115  9:14  High Templar x2, Zealot x3  
  131  9:32  High Templar, Zealot  
  131  9:36  Zealot x3, Archon  
  141  9:43  Probe  
  142  9:46  Nexus  
  142  9:49  Pylon  
  142  9:51  Immortal  
  144  9:57  High Templar  
  144  9:58  High Templar  
  148  10:01  Pylon  
  148  10:02  Pylon, Archon  
  142  10:09  Zealot x2  
  142  10:10  Zealot x2  
  150  10:16  Zealot x2  
  150  10:18  Probe x2  
  150  10:25  Archon  
  150  10:28  Archon  
  130  10:33  Archon  
Tags
 
Add a new tag
Caveats
  • Supply blocks, unpowered buildings, or Contaminate may cause inaccurate times.
  • Supply counts are checked every 10 seconds.